 Dungeon Crawl Stone Soup version 0.18-a0-5-gf1fb587 (webtiles) character file.

22 radek the Conjurer (level 2, -1/15 HPs)
             Began as a Deep Elf Conjurer on Oct 31, 2015.
             Slain by a goblin
             ... wielding a +0 club
             ... led by Robin
              (2 damage)
             ... on level 1 of the Dungeon.
             The game lasted 00:02:59 (1041 turns).

radek the Conjurer (Deep Elf Conjurer)              Turns: 1041, Time: 00:03:00

Health: -1/15      AC:  2    Str:  5    XL:     2   Next: 68%
Magic:  6/8        EV: 13    Int: 19    God:
Gold:   41         SH:  0    Dex: 15    Spells: 1 memorised, 6 levels left

rFire  . . .     SeeInvis .     e - +0 dagger
rCold  . . .     Clarity  .     a - +0 robe
rNeg   . . .     SustAt   .     (no shield)
rPois  .         Gourm    .     (no helmet)
rElec  .         Spirit   .     (no cloak)
rCorr  .         Warding  .     (no gloves)
rMut   .         Stasis   .     (no boots)
MR     .....                    (no amulet)
Stlth  ++........               (no ring)
                                (no ring)

@: not resistant to hostile enchantments, unstealthy
A: no striking features
a: no special abilities


You were on level 1 of the Dungeon.
You were not hungry.

You visited 1 branch of the dungeon, and saw 2 of its levels.

You collected 41 gold pieces.

Inventory:

Hand Weapons
 e - a +0 dagger (weapon)
Armour
 a - a +0 robe (worn)
Scrolls
 i - a scroll of identify {unknown}
 k - a scroll of fog {unknown}
 l - a scroll of immolation {unknown}
Potions
 d - 3 potions of curing {unknown}
 g - a potion of magic {unknown}
 h - a potion of degeneration {unknown}
 j - a potion of ambrosia {unknown}
 m - 2 potions of heal wounds {unknown}
Books
 b - a book of Conjurations

   Spells                             Type                      Level
   a - Magic Dart                     Conjuration                  1
   b - Searing Ray                    Conjuration                  2
   c - Dazzling Spray                 Conjuration/Hexes            3
   d - Fulminant Prism                Conjuration/Hexes            4
   e - Iskenderun's Mystic Blast      Conjuration                  4
   f - Iskenderun's Battlesphere      Conjuration/Charms           5
Comestibles
 c - a bread ration


   Skills:
 - Level 2.4 Dodging
 - Level 2.4 Stealth
 - Level 3.0 Spellcasting
 + Level 5.3 Conjurations


You had 6 spell levels left.
You knew the following spells:

 Your Spells              Type           Power        Failure   Level  Hunger
a - Magic Dart            Conj           ###.         1%          1    None


Dungeon Overview and Level Annotations

Branches:
Dungeon (2/15)

Altars:

Annotations:
D:2 Robin


Message History

Aiming: Magic Dart
Press: ? - help, Shift-Dir - straight line, f - goblin
Aim: a goblin, wielding a hunting sling The magic dart hits the goblin.
You kill the goblin!
The goblin hits you with a club. x2
* * * LOW HITPOINT WARNING * * *
The goblin hits you with a club.
* * * LOW HITPOINT WARNING * * *
Casting: Magic Dart
Confirm with . or Enter, or press ? or * to list all spells.
Aiming: Magic Dart
Press: ? - help, Shift-Dir - straight line, f - goblin
Aim: a goblin, wielding a club The magic dart hits the goblin.
You kill the goblin!
The goblin hits you with a club.
* * * LOW HITPOINT WARNING * * *
The goblin hits you with a club.
You die...

........## #.......#####...
.#.####..#########.#####.........
.#.# #..##......................
.#.####..##......................
......#.....≈≈≈≈≈≈≈≈≈≈≈≈≈≈≈≈≈≈≈≈≈
.#.##.#.....≈≈≈≈≈≈≈≈≈≈≈≈≈≈≈≈≈≈≈≈≈
.#.##.#.....≈≈≈≈≈≈≈≈≈≈≈≈≈≈≈≈≈≈≈≈≈
.#.##.#.....≈≈≈#+#'#≈≈≈≈≈≈≈#+#+#≈
...##.#.....≈≈≈)@).##'###+##...+≈
...##.#.....≈≈≈gg).#...)...#...+≈
...##.#.....≈≈≈#'#'#.#####.###'#≈
...##.#......≈≈≈≈#...#...#...'≈≈≈
#####.#....⌠(.≈≈≈+.⌠.'.<.###.#≈≈≈
#.#....⌠..≈≈≈+.⌠.'...###.#≈≈≈
#####'#......≈≈≈≈#...#...#...'≈≈≈
............≈≈≈#'###.#####.###'#≈
............≈≈≈+...'.......+...+≈


You could see 2 goblins.

Vanquished Creatures
  A ball python (D:1)
  A bat (D:1)
  A giant cockroach (D:1)
  8 goblins
  2 hobgoblins (D:1)
  A giant newt (D:1)
  7 rats (D:1)
21 creatures vanquished.

Notes
Turn   | Place    | Note
--------------------------------------------------------------
     0 | D:1      | radek the Deep Elf Conjurer began the quest for the Orb.
     0 | D:1      | Reached XP level 1. HP: 10/10 MP: 6/6
   184 | D:1      | Reached XP level 2. HP: 15/15 MP: 4/8
   311 | D:1      | Reached skill level 5 in Conjurations
   611 | D:2      | Noticed Robin
  1041 | D:1      | Slain by a goblin

Vault maps used:
D:1:      dpeg_arrival_castle, kennysheep_small_spiral
D:2:      grunt_temple_overflow_diamond, minivault_24, uniq_robin

Action                   || total
-------------------------++-------
 Cast: Magic Dart        ||    33
